 Dungeon Crawl Stone Soup version 0.29.0-13-gc9e81de378 (webtiles) character file.

Game seed: 1442194461518307856

46598 Ofeo the Black Sun (level 15, -16/88 (102) HPs)
             Began as a Meteoran Earth Elementalist on Sept 8, 2022.
             Was a High Priest of Kikubaaqudgha.
             Killed from afar by a jorogumo (32 damage)
             ... with a bolt of negative energy
             ... on level 1 of the Spider Nest.
             The game lasted 01:08:20 (5035 turns).

Ofeo the Black Sun (Meteoran Earth Elementalist)    Turns: 5035, Time: 01:08:20

HP:   -16/88 (102)  AC: 10    Str: 13 (14) XL:     15   Next: 18%
MP:   21/32         EV:  9    Int: 29      God:    Kikubaaqudgha [*****.]
Gold: 638           SH:  0    Dex: 15      Spells: 11/38 levels left

rFire   . . .      SeeInvis .   e - staff of earth
rCold   . . .      Faith    .   (no shield)
rNeg    . . .      Spirit   .   u - +0 steam dragon scales
rPois   .          Reflect  .   (no helmet)
rElec   .          Harm     .   c - +0 cloak
rCorr   .          Rampage  .   (no gloves)
Will    +....                   (no boots)
Stlth   ++........              (no amulet)
HPRegen 0.24/turn               z - +4 ring of protection
MPRegen 0.23/turn               s - +6 ring of intelligence

@: very slightly contaminated, held, glowing, heavily drained
A: sense surroundings 2, otherworldly, glowing, explore regen, deterioration 1,
strong 1
a: Renounce Religion, Unearth Wretches, Torment


You were on level 1 of the Spider Nest.
You worshipped Kikubaaqudgha.
Kikubaaqudgha was extremely pleased with you.
You visited 4 branches of the dungeon, and saw 17 of its levels.

You collected 638 gold pieces.

Inventory:

Hand Weapons
 m - a +2 mace of venom
Missiles
 k - 5 javelins
 H - 4 silver boomerangs
Armour
 a - a +0 robe
 c - a +0 cloak (worn)
 u - +0 steam dragon scales (worn)
 G - an orb of energy
Magical Staves
 e - a staff of earth (weapon)
 x - a staff of poison
Jewellery
 n - a +4 ring of protection
 r - a ring of protection from fire
 s - a +6 ring of intelligence (right hand)
 t - a ring of positive energy
 v - a ring of fire
 z - a +4 ring of protection (left hand)
 D - a ring of resist corrosion
 J - a ring of ice
Wands
 d - a wand of paralysis (4)
 h - a wand of flame (6)
 o - a wand of iceblast (11) {@v4}
 w - a wand of light (2)
 C - a wand of polymorph (4)
Scrolls
 f - 3 scrolls of noise
 i - a scroll of identify {@r1}
 y - a scroll of fog
 A - 2 scrolls of enchant weapon
 B - a scroll of immolation
 E - 2 scrolls of vulnerability
 I - a scroll of enchant armour
Potions
 b - 2 potions of magic
 g - 4 potions of lignification
 j - a potion of flight
 p - a potion of invisibility
 q - 4 potions of curing {@q1}
 F - a potion of might {unknown}


   Skills:
 + Level 1.3 Fighting
 - Level 12.4 Dodging
 - Level 8.7 Stealth
 - Level 12.3 Spellcasting
 - Level 13.4 Necromancy
 - Level 5.9 Transmutations
 - Level 12.5 Earth Magic
 - Level 7.1 Evocations


You had 11 spell levels left.
You knew the following spells:

 Your Spells              Type           Power      Damage    Failure   Level
a - Stone Arrow           Conj/Erth      100%       3d13      1%          3
b - Passwall              Tmut/Erth      68%        N/A       1%          2
c - Sandblast             Erth           100%       2d20      0%          1
d - Petrify               Tmut/Erth      82%        N/A       1%          4
e - Borgnjor's Vile Clut  Necr/Erth      48%        N/A       1%          5
f - Sublimation of Blood  Necr           77%        N/A       1%          2
g - Animate Dead          Necr           77%        N/A       1%          4
h - Death Channel         Necr           38%        N/A       1%          6

Your spell library contained the following spells:

 Spells                   Type           Power      Damage    Failure   Level
 Necrotise                Necr           100%       1d9       0%          1
 Anguish                  Hex/Necr       27%        N/A       1%          4
 Dispel Undead            Necr           77%        3d25      1%          4
 Agony                    Necr           77%        N/A       1%          5
 Static Discharge         Conj/Air       17%        3-6/arc   4%          2
 Corpse Rot               Necr/Pois/Air  43%        N/A       4%          4
 Airstrike                Air            8%         2d(2-18)  28%         4
 Sticky Flame             Conj/Fire      17%        2d4       28%         4
 Summon Lightning Spire   Summ/Air       17%        N/A       28%         4
 Simulacrum               Ice/Necr       27%        N/A       28%         6
 Lightning Bolt           Conj/Air       8%         1d21      63%         5
 Summon Forest            Summ/Tloc      8%         N/A       63%         5
 Summon Mana Viper        Hex/Summ       17%        N/A       63%         5
 Summon Cactus Giant      Summ           8%         N/A       99%         6


Dungeon Overview and Level Annotations

Branches:
Dungeon (10/15) Zot: 3453  Temple (1/1) D:6 Zot: 466    Lair (5/5) D:9 Zot: 552
 Spider (1/4) Lair:2 Zot: 504   Slime (0/5) Lair:5
  Swamp: Lair:2-3    Shoals: Lair:2-3       Orc: D:9-12

Altars:
Ashenzari
Elyvilon
Fedhas
Gozag
Hepliaklqana
Kikubaaqudgha
Makhleb
Nemelex Xobeh
Okawaru
Ru
Trog
Uskayaw
Vehumet
Wu Jian
Xom
Yredelemnul
Zin
The Shining One
Jiyva

Shops:
D:5 [   D:6 [(   D:8 =   D:9 [

Annotations:
D:4 ChiefBigBeans's ghost, amateur DrFE
D:6 3 runed translucent doors, PhineusFerb's ghost, amateur TrFi; ebering's ghost, novice OpCA
Lair:2 Gastronok
Spider:1 Roxanne


Innate Abilities, Weirdness & Mutations

You passively map the area around you.
You are easily found by Zot.
You glow in the dark.
You regain HP and MP as you explore.
Your body sometimes deteriorates upon taking damage.
Your muscles are strong. (Str +4, Int/Dex -1)


Message History

The jorogumo hits you but does no damage.
Your orb spider zombie closely misses the jorogumo.
Casting: Borgnjor's Vile Clutch (mildly dangerous; 1% risk of failure)
Confirm with . or Enter, or press ? or * to list all spells.
Okay, then.
Okay, then.
Aiming: Paralyse
Press: ? - help, Shift-Dir - straight line, f - jorogumo, p - jumping spider
Aim: a jorogumo (lightly wounded, ally target, chance to affect: 31%)
The jorogumo easily resists.
The jorogumo stares at you and mumbles some strange words.
The bolt of negative energy hits you!
You feel drained.
* * * LOW HITPOINT WARNING * * *
The jumping spider pounces on your boulder beetle zombie but does no damage.
The jumping spider bites your boulder beetle zombie but does no damage.
Your boulder beetle zombie bites the jumping spider but does no damage.
Your orb spider zombie bites the jorogumo. x2
You take 10 damage, and have 16/94 hp.
Aiming: Paralyse
Press: ? - help, Shift-Dir - straight line, f/p - jorogumo
Aim: a jorogumo (lightly wounded, ally target, chance to affect: 31%)
The jorogumo easily resists.
The jumping spider pounces on your boulder beetle zombie!
The jumping spider bites your boulder beetle zombie but does no damage.
The jorogumo casts a spell at you. The stream of webbing misses you.
Your orb spider zombie closely misses the jorogumo.
A culicivora comes into view.
Your boulder beetle zombie closely misses the jumping spider.
Your orb spider zombie bites the jorogumo!
Aiming: Paralyse
Press: ? - help, Shift-Dir - straight line, f/p - jorogumo
Aim: a jorogumo (moderately wounded, ally target, chance to affect: 31%)
The jorogumo easily resists.
The jumping spider pounces on your boulder beetle zombie but does no damage.
The jumping spider bites your boulder beetle zombie but does no damage.
The jorogumo stares at you and mumbles some strange words.
The bolt of negative energy hits you!!
You feel drained.
You die...
Kikubaaqudgha rasps: "You have failed me!
Welcome... death!"

..........#.....## ,, , *
..........#.##...# ,
.........##.#....## * , *
.........#........# , , **
, ..................##*,,.
, ......##....#.....$#*s..
,
............#..†...#....,,
......#...[###....Z..... ,
, * ###^..##^..#
#..@HZ.### , ^
####...#...# #..Z..## * .#
#...#...# ##..s## *
.#,^....#..#* #..## * , *
* ......... ##†# , , * , ,
#... , ,,** .## , ,** , ,
* ..#.,,, , ,. , ...* , ,
.* ,, ,, , , , * **,


You could see a jorogumo (ally target), a culicivora, a jumping spider (blind,
ally target), a friendly boulder beetle zombie and 2 friendly orb spider
zombies.

Vanquished Creatures
  A fire dragon (Lair:5)
  3 hydras
  A catoblepas (Lair:5)
  2 death yaks (Lair:1)
  A fire crab (Lair:5)
  A bog body (Lair:2)
  An oklob plant (Lair:4)
  10 elephants
  A black mamba (Lair:1)
  2 torpor snails
  10 cane toads
  2 molten gargoyles (Lair:5)
  2 rime drakes
  A demonic crawler (Spider:1)
  15 komodo dragons
  2 polar bears
  2 hornets
  7 blink frogs
  8 dream sheep
  3 culicivoras
  2 jumping spiders
  6 wyverns
  A spriggan (Lair:5)
  2 basilisks
  27 yaks
  2 steam dragons
  3 redbacks
  10 water moccasins
  5 hell hounds (Lair:5)
  An orc warrior (D:7)
  An ice beast (D:5)
  A sky beast (D:7)
  4 black bears
  44 wolves
  A centaur (D:6)
  An ogre (D:4)
  6 bullfrogs
  A kobold brigand (D:7)
  3 necrophages
  2 scorpions
  5 wights (D:6)
  3 howler monkeys (D:8)
  3 lava snakes (Lair:5)
  3 hounds
  3 jellies
  2 orc priests
  8 orc wizards
  6 hell rats (Lair:2)
  6 adders
  A white imp (D:5)
  2 worms
  A dart slug (D:4)
  12 orcs
  A bat (D:2)
  6 endoplasms
  3 giant cockroaches
  2 goblins
  6 hobgoblins
  12 kobolds
  3 quokkas
  2 frilled lizards
  2 rats (D:3)
290 creatures vanquished.

Vanquished Creatures (collateral kills)
  A hydra (Lair:5)
  A boulder beetle (Spider:1)
  2 orb spiders (Spider:1)
  2 lindwurms
  A bog body (Lair:2)
  A wolf spider (Spider:1)
  4 elephants
  A black mamba (Lair:5)
  A komodo dragon (Lair:4)
  A cane toad (Lair:3)
  2 polar bears
  A tarantella (Spider:1)
  2 blink frogs (Lair:4)
  3 dream sheep (Lair:5)
  3 wyverns
  11 yaks
  A steam dragon (D:9)
  7 water moccasins
  10 wolves
  2 bullfrogs
  2 lava snakes (Lair:5)
  A butterfly (Lair:2)
60 creatures vanquished.

Vanquished Creatures (others)
  A boulder beetle (Lair:5)
  A wolf spider zombie (Spider:1)
  A cane toad (Lair:5)
  A catoblepas zombie (Lair:5)
  A komodo dragon (Lair:5)
  A hydra zombie (Lair:5)
  A culicivora zombie (Spider:1)
  A jumping spider zombie (Spider:1)
  A yak (Lair:5)
  4 cane toad zombies
  8 elephant zombies
  3 blink frog zombies
  A wolf (Lair:5)
  A komodo dragon zombie (Lair:5)
  4 wyvern zombies
  6 water moccasin zombies
  10 yak zombies
  26 wolf zombies
  2 bullfrog zombies
  2 basilisk zombies
  A hell rat zombie (Lair:2)
  A steam dragon zombie (Lair:5)
  A lava snake zombie (Lair:5)
  21 fungi
  32 plants
132 creatures vanquished.

Grand Total: 482 creatures vanquished

Notes
Turn   | Place    | Note
-------+----------+-------------------------------------------
     0 | D:1      | Ofeo the Meteoran Earth Elementalist began the quest for
                  | the Orb.
     0 | D:1      | Reached XP level 1. HP: 14/14 MP: 5/5
   193 | D:1      | Reached XP level 2. HP: 20/20 MP: 2/6
   358 | D:2      | Reached XP level 3. HP: 26/26 MP: 5/8
   388 | D:3      | Found a sparkling altar of Nemelex Xobeh.
   388 | D:3      | Found a basalt altar of Yredelemnul.
   426 | D:3      | Found a sacrificial altar of Ru.
   521 | D:3      | Learned a level 2 spell: Passwall
   525 | D:3      | Learned a level 3 spell: Stone Arrow
   621 | D:3      | Reached XP level 4. HP: 33/33 MP: 4/9
   658 | D:3      | Found a hide-covered altar of Uskayaw.
   764 | D:5      | Entered Level 5 of the Dungeon
   764 | D:5      | Noticed an ice beast
   769 | D:5      | Killed an ice beast
   770 | D:5      | Reached XP level 5. HP: 25/38 MP: 1/11
   770 | D:5      | Reached XP level 6. HP: 30/45 MP: 1/12
   797 | D:4      | Noticed an ogre
   808 | D:4      | Killed an ogre
   834 | D:4      | Noticed ChiefBigBeans's ghost (amateur DrFE)
   863 | D:5      | Reached skill level 5 in Earth Magic
   863 | D:5      | Reached XP level 7. HP: 47/50 MP: 7/14
   948 | D:6      | Found Hivodiom's Armour Shoppe.
  1035 | D:5      | Found Dynatuff's Armour Emporium.
  1052 | D:4      | Identified the +2 leather armour of Uptaqaas {rPois Str+3
                  | Slay-4}
  1223 | D:5      | Learned a level 4 spell: Petrify
  1335 | D:5      | Reached XP level 8. HP: 54/57 MP: 9/16
  1338 | D:5      | Reached skill level 5 in Spellcasting
  1347 | D:5      | Reached skill level 5 in Dodging
  1458 | D:6      | Found a shimmering altar of Xom.
  1460 | D:6      | Found a shimmering altar of Xom.
  1467 | D:6      | Found a shimmering altar of Xom.
  1468 | D:6      | Found a shimmering altar of Xom.
  1504 | D:6      | Found a staircase to the Ecumenical Temple.
  1513 | Temple   | Entered the Ecumenical Temple
  1551 | Temple   | Became a worshipper of Kikubaaqudgha
  1668 | D:6      | Found Jahid's Antique Weapon Shoppe.
  1673 | D:6      | Reached skill level 5 in Transmutations
  1692 | D:6      | Gained mutation: You passively map the area around you.
                  | [Meteoran growth]
  1692 | D:6      | Reached XP level 9. HP: 49/62 MP: 11/18
  1720 | D:6      | Found a runed translucent gate.
  1720 | D:6      | Found a runed translucent gate.
  1720 | D:6      | Found a runed translucent gate.
  1721 | D:6      | Noticed PhineusFerb's ghost (amateur TrFi)
  1721 | D:6      | Noticed ebering's ghost (novice OpCA)
  1850 | D:7      | Learned a level 5 spell: Borgnjor's Vile Clutch
  1899 | D:7      | Reached * piety under Kikubaaqudgha
  1899 | D:7      | Received a gift from Kikubaaqudgha
  1923 | D:7      | Learned a level 2 spell: Sublimation of Blood
  1928 | D:7      | Learned a level 4 spell: Animate Dead
  1937 | D:7      | Reached skill level 1 in Necromancy
  2010 | D:7      | Reached skill level 2 in Necromancy
  2172 | D:8      | Found Loogoat's Jewellery Shoppe.
  2213 | D:7      | Reached skill level 3 in Necromancy
  2213 | D:7      | Reached XP level 10. HP: 45/69 MP: 3/21
  2387 | D:9      | Found a staircase to the Lair.
  2387 | D:9      | Noticed an elephant
  2437 | D:9      | Killed an elephant
  2438 | D:9      | Reached skill level 5 in Stealth
  2438 | D:9      | Reached skill level 4 in Necromancy
  2450 | D:9      | Reached skill level 5 in Necromancy
  2478 | D:9      | Found Ovuorhido's Armour Shoppe.
  2534 | D:10     | Entered Level 10 of the Dungeon
  2579 | Lair:1   | Entered Level 1 of the Lair of Beasts
  2639 | Lair:1   | Noticed a torpor snail
  2639 | Lair:1   | Noticed a death yak
  2640 | Lair:1   | Noticed a death yak
  2648 | Lair:1   | Killed a torpor snail
  2653 | Lair:1   | Killed a death yak
  2654 | Lair:1   | Reached skill level 6 in Necromancy
  2654 | Lair:1   | Reached XP level 11. HP: 74/74 MP: 1/24
  2654 | Lair:1   | Killed a death yak
  2716 | Lair:1   | Reached skill level 7 in Necromancy
  2730 | Lair:1   | Noticed a black mamba
  2738 | Lair:1   | Killed a black mamba
  2824 | Lair:2   | Reached ** piety under Kikubaaqudgha
  2933 | Lair:2   | Reached skill level 8 in Necromancy
  2962 | Lair:2   | Noticed a bog body
  2963 | Lair:2   | Noticed a bog body
  2966 | Lair:2   | Killed a bog body
  2967 | Lair:2   | Killed a bog body
  2971 | Lair:2   | Reached XP level 12. HP: 64/81 MP: 0/26
  3101 | Lair:3   | Reached skill level 9 in Necromancy
  3168 | Lair:3   | Reached skill level 10 in Earth Magic
  3214 | Lair:3   | Reached skill level 10 in Dodging
  3283 | Lair:3   | Noticed a lindwurm
  3285 | Lair:3   | Reached skill level 10 in Spellcasting
  3292 | Lair:3   | Killed a lindwurm
  3297 | Lair:3   | Reached *** piety under Kikubaaqudgha
  3297 | Lair:3   | Received a gift from Kikubaaqudgha
  3298 | Lair:3   | Reached skill level 10 in Necromancy
  3336 | Lair:3   | Reached skill level 1 in Evocations
  3432 | Lair:4   | Reached XP level 13. HP: 86/86 MP: 19/28
  3475 | Lair:4   | Noticed a five-headed hydra
  3480 | Lair:4   | Killed a five-headed hydra
  3680 | Lair:4   | Reached skill level 11 in Necromancy
  3764 | Lair:4   | Reached **** piety under Kikubaaqudgha
  3778 | Lair:5   | Entered Level 5 of the Lair of Beasts
  3778 | Lair:5   | Noticed a catoblepas
  3790 | Lair:5   | Killed a catoblepas
  3812 | Lair:5   | Noticed an eight-headed hydra
  3822 | Lair:5   | Killed an eight-headed hydra
  3844 | Lair:5   | HP: 4/86 [spriggan rider/+0 spear (19)]
  3967 | Lair:4   | Reached XP level 14. HP: 55/93 MP: 25/30
  4016 | Lair:5   | Reached skill level 12 in Necromancy
  4027 | Lair:5   | Reached skill level 5 in Evocations
  4172 | Lair:5   | Identified a scroll of acquirement
  4173 | Lair:5   | Acquired a staff of earth
  4273 | Lair:5   | Found a viscous altar of Jiyva.
  4273 | Lair:5   | Found a staircase to the Slime Pits.
  4314 | Lair:5   | Reached ***** piety under Kikubaaqudgha
  4463 | Lair:5   | Noticed a fire dragon
  4485 | Lair:5   | Reached skill level 13 in Necromancy
  4559 | Lair:5   | Found a large runed translucent door.
  4559 | Lair:5   | Found a large runed translucent door.
  4585 | Lair:5   | Gained mutation: Your body sometimes deteriorates upon
                  | taking damage. [potion of mutation]
  4585 | Lair:5   | Gained mutation: Your muscles are strong. (Str +4, Int/Dex
                  | -1) [potion of mutation]
  4591 | Lair:5   | Killed a fire dragon
  4826 | Lair:2   | Noticed Gastronok
  4883 | Lair:2   | Reached XP level 15. HP: 87/99 MP: 11/32
  4919 | Lair:2   | Found a hole to the Spider Nest.
  4946 | Spider:1 | Entered Level 1 of the Spider Nest
  4981 | Spider:1 | Identified Roxanne's Tome of Earth
  4981 | Spider:1 | Noticed Roxanne
  5017 | Spider:1 | Learned a level 6 spell: Death Channel
  5031 | Spider:1 | Reached skill level 1 in Fighting
  5035 | Spider:1 | Killed from afar by a jorogumo

Illustrated notes

Levels and vault maps discovered:
D:1:      minmay_arrival_split_and_join, layout_rooms, grunt_decor_arrowhead,
          bh_walls_and_bars
D:2:      layout_rooms, dreamdust_ecumenical_altar_hidden_monk_grotto
D:3:      layout_loops_corners, nicolae_uskayaw_suspiria,
          mainiacjoe_overflow_divided_tiny, nicolae_ru_path_of_blood,
          dreamdust_wishing_well
D:4:      layout_basic, gammafunk_ghost_arena
D:5:      layout_loops_cross, serial_shops, shop
D:6:      layout_gridville, xom_redecorated, minmay_temple_entry_trees,
          serial_shops, shop_fountains, shop, nicolae_stop_n_shop_1,
          nicolae_lakefront_shop, kennysheep_mini_moat, portal_sewer_entry_b,
          gammafunk_ghost_cemetery
D:7:      minmay_chambers_of_sevens, layout_cave_pools, serial_column_ruins,
          column_ruins_hut, column_ruins_open_tiny,
          column_ruins_corridor_straight, column_ruins_open_small,
          column_ruins_corridor_corner, column_ruins_grid_1,
          minmay_a_box_with_orc_wizards_in_it
D:8:      layout_basic, serial_shops, nicolae_stop_n_shop_2
D:9:      nzn_winding_woodlands_cross [nzn_winding_woodlands_5x15_pool,
          nzn_winding_woodlands_5x15_pathside_ponds,
          nzn_winding_woodlands_5x15_pockets, nzn_winding_woodlands_5x15_garden,
          nzn_winding_woodlands_15x15_eel_pit], layout_loops_ring,
          david_lair_generic, david_orc_5, serial_shops, nicolae_lakefront_shop,
          nicolae_shop_firing_range, uniq_maggie
D:10:     layout_layer_cave, uniq_psyche, uniq_urug
Temple:   minmay_crystal_spiral_temple
Lair:1:   layout_loops_ring, serial_bayou_pond_e
Lair:2:   layout_cave_pods, nicolae_swamp_entry_splash_gauntlet,
          spider_nest_entry_funnel_web, lemuel_fruit_tree, lemuel_fruit_fields,
          uniq_gastronok
Lair:3:   layout_hall_layers, serial_bayou_pond_b, grunt_megastairs_1
Lair:4:   layout_cave_pods
Lair:5:   cheibrodos_lair_end_hotspot, layout_gridlike,
          dpeg_slime_entry_enclosed, grunt_forest_large_clearings
Spider:1: layout_chambers, nicolae_spider_baby_got_redback, uniq_roxanne

Skill      XL: |  1  2  3  4  5  6  7  8  9 10 11 12 13 14 15 |
---------------+----------------------------------------------+-----
Spellcasting   | 3 4 5 7 8 9 10 11 12 | 12.3
Earth Magic    | 4 5 6 7 8 9 10 11 12 | 12.5
Transmutations | 2 3 4 5 |  5.9
Dodging        | 3 4 5 7 8 9 10 11 12 | 12.4
Stealth        | 2 3 4 5 6 7 8 |  8.7
Necromancy     | 3 6 8 10 11 13 | 13.4
Evocations     | 1 4 6 7 |  7.1
Fighting       | 1 |  1.3

Action                   |  1- 3 |  4- 6 |  7- 9 | 10-12 | 13-15 || total
-------------------------+-------+-------+-------+-------+-------++-------
Melee: Unarmed           |     2 |     1 |       |       |       ||     3
       Mace              |       |       |    50 |    62 |    68 ||   180
       Punch             |       |       |       |     1 |     1 ||     2
       Staff             |       |       |       |       |    29 ||    29
 Cast: Sandblast         |    36 |    15 |    90 |    24 |    29 ||   194
       Stone Arrow       |       |     7 |    35 |    34 |    32 ||   108
       Petrify           |       |       |     1 |     4 |     1 ||     6
       Borgnjor's Vile C |       |       |       |    44 |    99 ||   143
       Animate Dead      |       |       |       |    11 |    11 ||    22
       Sublimation of Bl |       |       |       |    14 |     7 ||    21
Invok: Unearth Wretches  |       |       |       |       |     3 ||     3
Evoke: Wand              |       |       |     1 |     4 |    12 ||    17
  Use: Potion            |       |       |     2 |       |     7 ||     9
       Scroll            |       |       |    10 |     5 |     9 ||    24
 Stab: Petrified         |       |       |     6 |    11 |     6 ||    23
       Petrifying        |       |       |       |     1 |       ||     1
       Paralysed         |       |       |       |       |     8 ||     8
       Distracted        |       |       |       |       |     2 ||     2
Armor: Robe              |     7 |     6 |    33 |       |       ||    46
       Skin              |       |       |     3 |       |       ||     3
       Steam dragon scal |       |       |    49 |    57 |    68 ||   174
Dodge: Dodged            |     6 |     5 |    66 |    96 |   183 ||   356
